 Dungeon Crawl Stone Soup version 0.13-a0-1553-g7307ddf (webtiles) character file.

1071 Kae the Changer (level 7, 0/56 HPs)
             Began as a Green Draconian Transmuter on June 10, 2013.
             Slain by an orc wizard
             ... wielding a -1,+0 orcish dagger
              (2 damage)
             ... on Level 5 of the Dungeon.
             The game lasted 00:17:51 (9107 turns).

Kae the Changer (Green Draconian Transmuter)        Turns: 9107, Time: 00:17:51

HP   0/56        AC  2     Str 13      XL: 7   Next: 69%
MP  10/12        EV 21     Int 15      God:
Gold 222         SH  0     Dex 16      Spells:  3 memorised,  6 levels left

Res.Fire  : . . .   See Invis. : .     - Unarmed
Res.Cold  : . . .   Warding    : .   (armour unavailable)
Life Prot.: . . .   Conserve   : .   (shield currently unavailable)
Res.Poison: x       Res.Corr.  : .   (helmet currently unavailable)
Res.Elec. : .       Clarity    : .   (cloak currently unavailable)
Sust.Abil.: . .     Spirit.Shd : .   (gloves currently unavailable)
Res.Mut.  : .       Stasis     : .   (boots currently unavailable)
Res.Rott. : .       Flight     : .   (no amulet)
Saprovore : . . .                    (no ring)
                                     (no ring)

@: spider-form, confused, hasted, very quick, slightly resistant to hostile
enchantments, very unstealthy
A: (breathe noxious fumes), unfitting armour, (poison resistance), AC +6
a: End Transformation


You were on level 5 of the Dungeon.
You were hungry.
You were in spider-form.
You visited 1 branch of the dungeon, and saw 5 of its levels.
You also visited: Sewer.

You collected 202 gold pieces.

Inventory:

Hand weapons
 z - a +0,+0 club (quivered)
 A - a +0,+0 club
Missiles
 p - 4 arrows
 y - 13 arrows of dispersal
Magical devices
 f - a wand of random effects (10) {unknown}
Comestibles
 r - a choko
 B - a bread ration
Scrolls
 a - a scroll of enchant weapon II {unknown}
 c - a scroll of curse armour {unknown}
 i - 4 scrolls of remove curse {unknown}
 j - 2 scrolls of recharging {unknown}
 l - a scroll of amnesia {unknown}
 m - 4 scrolls of identify {unknown}
 n - a scroll of curse jewellery {unknown}
 q - a scroll of blinking
 s - 5 scrolls of magic mapping
 t - a scroll of noise {unknown}
 v - 3 scrolls of fog
 w - 2 scrolls of fear {unknown}
 x - a scroll of random uselessness {unknown}
Jewellery
 g - an uncursed ring of sustain abilities {unknown}
 h - an uncursed amulet of inaccuracy {unknown}
Potions
 b - a potion of poison {unknown}
 e - a potion of confusion {unknown}
 k - a potion of speed
 o - 2 potions of magic {unknown}
 u - a potion of might {unknown}
Books
 d - a book of Changes

   Spells                             Type                      Level
   *Beastly Appendage                 Transmutation                1
   *Sticks to Snakes                  Transmutation                2
   *Spider Form                       Transmutation/Poison         3
   Ice Form                           Ice/Transmutation            4
   Blade Hands                        Transmutation                5


   Skills:
 + Level 4.0 Fighting
 + Level 3.3 Dodging
 + Level 4.2 Unarmed Combat
 + Level 3.3 Spellcasting
 * Level 5.4 Transmutations
 + Level 2.2 Poison Magic


You had 6 spell levels left.
You knew the following spells:

 Your Spells              Type           Power        Failure   Level  Hunger
a - Beastly Appendage     Trmt           ###...       8%          1    #......
b - Sticks to Snakes      Trmt           ###.......   12%         2    ##.....
c - Spider Form           Trmt/Pois      ##........   32%         3    ###....


Dungeon Overview and Level Annotations

Branches:
Dungeon (5/27)
 Temple: D:4-7

Altars:
Elyvilon
Fedhas
Trog
Zin

Annotations
D:4 Kae's ghost, average DrTm


Innate Abilities, Weirdness & Mutations

((You can breathe blasts of noxious fumes.))*
((Your lurid green scales are hard (AC +6).))*
Your body does not fit into most forms of armour.
Your cold-blooded metabolism reacts poorly to cold.
((Your system is resistant to poisons.))*


Message History

You have got your breath back.
It hits you.
* * * LOW HITPOINT WARNING * * *
The orc throws a dart.
The dart hits something.
You hit it. It hits you.
* * * LOW HITPOINT WARNING * * *
You closely miss it.
You hear some strange, mumbled words.
The puff of flame hits you!
* * * LOW HITPOINT WARNING * * *
You barely miss it.
The orc throws a dart.
The dart hits something.
It closely misses you.
You closely miss it.
The orc throws a dart.
The dart hits something.
You hear some strange, mumbled words.
You are confused.
You closely miss it.
The orc throws a dart.
The dart hits something.
Ouch! It barely misses you.
Drink which item? (? for menu, Esc to quit)
You feel yourself speed up.
It was a potion of speed.
It hits you.
You die...

.# ≈#≈≈≈≈≈#≈.# .#
#≈### #≈.# .#
≈#≈≈≈≈≈#≈.#
.##########
≈≈≈≈≈≈≈≈≈.#
...........
..#######.#
.######.### #.#
........# #.#
...###.>#####o######
#.#
###)##.......oo(s.)#
#.# #
#..)....###.####.#
#.# ###.##....# #.#
#.# ....##.##.# #.#
#.# #.#
##...#.##.###.# #.#
#.## ..............#
#.# #..######
##...#.#......# #.#
##......#
##.##.#..###.# #.#
######.# ......#..#
#.# #(# #.#


You could see 3 orcs.

Vanquished Creatures
  A centaur (D:5)
  A crimson imp (D:4)
  A hound (D:4)
  An orc priest (D:4)
  2 iguanas (D:5)
  3 orc wizards
  2 worker ants (D:5)
  Ijyb (D:5)
  2 gnolls (D:5)
  10 adders
  A green rat (D:4)
  A worm (D:4)
  13 grey rats
  A bat zombie (D:5)
  5 giant geckos
  17 orcs
  4 ball pythons (Sewer)
  6 bats
  7 hobgoblins
  4 jackals (D:5)
  13 kobolds
  3 oozes
  A quokka (D:3)
  4 giant cockroaches
  4 giant newts
  6 goblins
  A kobold skeleton (D:3)
  20 rats
  A rat skeleton (D:4)
136 creatures vanquished.

Vanquished Creatures (collateral kills)
  2 giant frogs (Sewer)
  A crimson imp (D:5)
  An orc priest (D:5)
  A worker ant (D:4)
  An orc wizard (D:5)
  An adder (Sewer)
  3 green rats
  3 grey rats
  5 orcs
  9 ball pythons (Sewer)
  A hobgoblin (D:4)
  2 giant newts (Sewer)
  3 rats (Sewer)
  A rat skeleton (D:5)
34 creatures vanquished.

Vanquished Creatures (others)
  A quokka (D:5)
  A goblin (D:4)
2 creatures vanquished.

Grand Total: 172 creatures vanquished

Notes
Turn   | Place    | Note
--------------------------------------------------------------
     0 | D:1      | Kae, the Draconian Transmuter, began the quest for the Orb.
     0 | D:1      | Reached XP level 1. HP: 16/16 MP: 1/1
   298 | D:1      | Reached XP level 2. HP: 21/23 MP: 3/3
   823 | D:2      | Learned a level 2 spell: Sticks to Snakes
  1119 | D:1      | HP: 1/23 [gnoll/spear (10)]
  1524 | D:2      | Reached XP level 3. HP: 20/28 MP: 4/4
  1834 | D:2      | Found a glowing silver altar of Zin.
  2363 | D:3      | Found a blossoming altar of Fedhas.
  2680 | D:3      | Reached XP level 4. HP: 17/35 MP: 6/6
  3614 | D:4      | Learned a level 3 spell: Spider Form
  3768 | D:4      | Reached XP level 5. HP: 28/41 MP: 8/8
  3932 | D:4      | Found a glowing drain.
  3940 | Sewer    | Entered a sewer
  4446 | Sewer    | Reached skill level 4 in Transmutations
  5179 | Sewer    | Reached skill level 1 in Poison Magic
  5179 | Sewer    | Reached XP level 6. HP: 11/49 MP: 5/10
  5930 | D:4      | Noticed Kae's ghost (average DrTm)
  6457 | D:4      | HP: 2/49 [orc/orcish club (6)]
  7122 | D:5      | Entered Level 5 of the Dungeon
  7217 | D:5      | HP: 2/49 [poisoned by a worker ant]
  7597 | D:5      | Your scales start taking on a lurid green colour.
  7597 | D:5      | Gained mutation: Your system is resistant to poisons. [draconian maturity]
  7597 | D:5      | Reached XP level 7. HP: 37/56 MP: 7/12
  7869 | D:5      | Found a white marble altar of Elyvilon.
  7948 | D:5      | Reached skill level 5 in Transmutations
  8124 | D:5      | Noticed Ijyb
  8136 | D:5      | Killed Ijyb
  8510 | D:5      | Found a bloodstained altar of Trog.
  9102 | D:5      | HP: 1/56 [it/puff of flame (6)]
  9107 | D:5      | Slain by an orc wizard

Action                   |  1- 3 |  4- 6 |  7- 9 || total
-------------------------+-------+-------+-------++-------
Melee: Unarmed           |   199 |   598 |   121 ||   918
 Cast: Sticks to Snakes  |     4 |    38 |     1 ||    43
       Spider Form       |       |     2 |     1 ||     3
 Abil: Breathe Noxious F |       |       |    10 ||    10
  Use: Potion            |       |     8 |     1 ||     9
       Scroll            |       |     6 |       ||     6
 Stab: Sleeping          |     1 |       |       ||     1
       Confused          |       |       |     4 ||     4
